 Dungeon Crawl Stone Soup version 0.30.0 (webtiles) character file.

Game seed: 11214989421137653447

11181 Jonnyslop the Covert (level 11, -13/50 HPs)
             Began as a Spriggan Enchanter on Sept 21, 2023.
             Was a Believer of Fedhas.
             Killed from afar by a deep elf pyromancer (29 damage)
             ... with a bolt of fire
             ... on level 13 of the Dungeon on Oct 1, 2023.
             The game lasted 01:00:02 (13479 turns).

Jonnyslop the Covert (Spriggan Enchanter)          Turns: 13479, Time: 01:00:04

Health: -13/50     AC:  5    Str:  1    XL:     11   Next: 45%
Magic:  25/34      EV: 22    Int: 22    God:    Fedhas [**....]
Gold:   463        SH:  5    Dex: 15    Spells: 15/28 levels left

rFire   . . .        a - +6 dagger of Awneanina {flame, rElec rN+ Will++ Str-3}
rCold   . . .        (no shield)
rNeg    + . .        B - +0 steam dragon scales
rPois   .            (helmet restricted)
rElec   +            (no cloak)
rCorr   .            (gloves unavailable)
SInv    +            (boots unavailable)
Will    +++..        f - amulet of reflection
Stlth   +++++        L - ring of magical power
HPRegen 0.28/turn    I - +5 ring of evasion
MPRegen 0.24/turn

%: reflection
@: very quick
A: very small, no large weapons, unfitting armour, see invisible, speed 3
a: Renounce Religion, Wall of Briars


You were on level 13 of the Dungeon.
You worshipped Fedhas.
Fedhas was pleased with you.
You visited 2 branches of the dungeon, and saw 14 of its levels.
You visited 1 bazaar.

You collected 1704 gold pieces.
You spent 1241 gold pieces at shops.

Inventory:

Hand Weapons
 a - the +6 dagger of Awneanina (weapon) {flame, rElec rN+ Will++ Str-3}
   (You found it on level 9 of the Dungeon)

   Str:       It affects your strength (-3).
   rElec:     It insulates you from electricity.
   rN:        It protects you from negative energy.
   Will:      It greatly increases your willpower.
Missiles
 p - 41 poisoned darts
 r - 4 atropa-tipped darts
 t - a throwing net
Armour
 l - a +2 robe of fire resistance
 B - +0 steam dragon scales (worn)
Magical Staves
 C - a staff of air
Jewellery
 f - an amulet of reflection (around neck)
 I - a +5 ring of evasion (right hand)
 L - a ring of magical power (left hand)
Wands
 b - a wand of roots (20)
 j - a wand of charming (6)
 q - a wand of light (8)
 v - a wand of mindburst (6)
 D - a wand of flame (18)
 G - a wand of polymorph (9)
Scrolls
 x - 2 scrolls of fog
 y - 2 scrolls of teleportation
 E - a scroll of enchant armour
 H - a scroll of fear
Potions
 c - 4 potions of invisibility
 d - 5 potions of attraction
 e - 2 potions of curing
 g - 4 potions of brilliance
 h - 2 potions of might {unknown}
 i - 2 potions of cancellation
 m - 2 potions of magic
 n - 4 potions of lignification
 s - 4 potions of heal wounds
 u - 3 potions of flight
 w - a potion of ambrosia {unknown}
 z - 2 potions of mutation {unknown}
 A - 2 potions of resistance
 F - a potion of haste {unknown}


   Skills:
 + Level 2.0 Fighting
 + Level 9.2 Short Blades
 - Level 2.6 Dodging
 + Level 11.1 Stealth
 + Level 9.0 Spellcasting
 - Level 3.0 Conjurations
 + Level 9.5 Hexes
 + Level 3.3 Translocations
 + Level 7.0 Ice Magic
 + Level 3.9 Invocations


You had 15 spell levels left.
You knew the following spells:

 Your Spells              Type           Power      Damage    Failure   Level
a - Ensorcelled Hibernat  Hex/Ice        92%        N/A       1%          2
b - Tukima's Dance        Hex            51%        N/A       1%          3
c - Confusing Touch       Hex            51%        N/A       1%          3
d - Hailstorm             Conj/Ice       31%        3d8       2%          3
e - Blink                 Tloc           48%        N/A       2%          2

Your spell library contained the following spells:

 Spells                   Type           Power      Damage    Failure   Level
 Dazzling Flash           Conj/Hex       74%        N/A       1%          3
 Lesser Beckoning         Tloc           48%        N/A       2%          2
 Momentum Strike          Conj/Tloc      46%        3d9       2%          2
 Volatile Blastmotes      Fire/Tloc      34%        2d12      11%         3
 Ice Form                 Ice/Tmut       25%        N/A       16%         4
 Iskenderun's Mystic Bla  Conj/Tloc      23%        2d6       19%         4
 Summon Lightning Spire   Summ/Air       9%         N/A       54%         4
 Simulacrum               Ice/Necr       12%        N/A       94%         6
 Starburst                Conj/Fire      8%         6d4       99%         6
 Storm Form               Tmut/Air       4%         N/A       100%        7
 Maxwell's Capacitive Co  Air            4%         ∞         100%        8


Dungeon Overview and Level Annotations

Branches:
Dungeon (13/15)            Temple (1/1) D:7            Lair (0/5) D:9
    Orc (0/2) D:10
 Vaults: D:13-14

Altars:
Ashenzari
Cheibriados
Dithmenos
Elyvilon
Fedhas
Gozag
Hepliaklqana
Kikubaaqudgha
Makhleb
Nemelex Xobeh
Okawaru
Qazlal
Ru
Sif Muna
Trog
Uskayaw
Vehumet
Wu Jian
Xom
Yredelemnul
Zin
The Shining One

Shops:
D:1 :   D:5 :

Annotations:
D:9 exclusion: 3 death yaks
D:13 Rupert


Innate Abilities, Weirdness & Mutations

You are very small and have problems with some larger weapons.
You are too small for most types of armour.
You have supernaturally acute eyesight. (SInv)
You cover ground extremely quickly. (Speed+++)


Message History

Blink to where?
Press: ? - help, Dir - move target, f - you, p - deep elf pyromancer
Okay, then.
Unknown command.
Casting: Ensorcelled Hibernation (safe; 1% risk of failure)
Confirm with . or Enter, or press ? or * to list all spells.
Aiming: Ensorcelled Hibernation (safe; 1% risk of failure)
Press: ? - help, Shift-Dir - straight line, f - Rupert, p - deep elf pyromancer
Aim: Rupert, wielding a +1 heavy great mace and wearing a +0 ring mail (slow, chance to confuse on hit: 10%, chance to affect: 9%) Rupert resists with almost no effort.
Casting: Ensorcelled Hibernation (safe; 1% risk of failure)
Confirm with . or Enter, or press ? or * to list all spells.
Aiming: Ensorcelled Hibernation (safe; 1% risk of failure)
Press: ? - help, Shift-Dir - straight line, f/p - Rupert
Aim: Rupert, wielding a +1 heavy great mace and wearing a +0 ring mail (slow, chance to confuse on hit: 10%, chance to affect: 9%) Rupert resists with almost no effort.
Rupert barely misses you. You block the scorpion's attack.
Casting: Ensorcelled Hibernation (safe; 1% risk of failure)
Confirm with . or Enter, or press ? or * to list all spells.
Aiming: Ensorcelled Hibernation (safe; 1% risk of failure)
Press: ? - help, Shift-Dir - straight line, f/p - Rupert
Aim: Rupert, wielding a +1 heavy great mace and wearing a +0 ring mail (slow, chance to confuse on hit: 10%, chance to affect: 9%) Rupert resists with almost no effort.
The scorpion stings you. You block the cyclops's attack.
Casting: Ensorcelled Hibernation (safe; 1% risk of failure)
Confirm with . or Enter, or press ? or * to list all spells.
Aiming: Ensorcelled Hibernation (safe; 1% risk of failure)
Press: ? - help, Shift-Dir - straight line, f/p - Rupert
Aim: Rupert, wielding a +1 heavy great mace and wearing a +0 ring mail (slow, chance to confuse on hit: 10%, chance to affect: 9%) Rupert resists with almost no effort.
The scorpion misses you. Rupert completely misses you. The cyclops misses you.
Blink to where?
Press: ? - help, Dir - move target, p - Rupert
As you read the scroll of blinking, it crumbles to dust.
Your hands stop glowing.
The deep elf pyromancer casts a spell at you.
The bolt of fire hits you!!
Ouch! That really hurt!
You die...
Fedhas appreciates your contribution to the ecosystem.

....... #.......#
#.......# #.......#
####### #.##.##!#
#.....# #.##.##.######.
#.....###.##..........<
#........@......:......
#.....##...##......)...
#................###.#
#####.##.#..#.#..#
#.##....C.@#.#
#.####..es(..#
###.#####.#.####
#.........#.#
...................


You could see Rupert (slow), a cyclops, a deep elf pyromancer and a scorpion
shaped shifter.

Vanquished Creatures
  4 two-headed ogres
  4 ugly things
  An unseen horror (D:12)
  2 kobold demonologists (D:10)
  2 trolls
  2 hornets
  2 shadows (D:11)
  3 wraiths
  Sigmund (D:2)
  12 yaks
  3 wyverns
  2 humans (D:8)
  A steam dragon (D:10)
  A water moccasin (D:8)
  A sky beast (D:6)
  An orc warrior (D:12)
  An ogre (D:5)
  3 ice beasts
  4 centaurs
  A phantom (D:6)
  A kobold brigand (D:9)
  A bullfrog (D:8)
  2 gnoll sergeants
  A scorpion (D:5)
  2 water moccasin zombies (D:5)
  A howler monkey (D:9)
  A bullfrog zombie (D:5)
  4 hounds
  An orc priest (D:7)
  2 scorpion zombies (D:5)
  2 iguanas
  5 orc wizards
  A hound zombie (D:5)
  Robin (D:2)
  8 adders
  9 gnolls
  2 ufetubi
  3 worms
  2 dart slugs
  13 orcs
  9 ball pythons
  9 bats
  10 endoplasms
  6 giant cockroaches
  17 goblins
  15 hobgoblins
  6 jackals
  2 quokkas (D:2)
  4 frilled lizards
  16 kobolds
  6 rats
213 creatures vanquished.

Vanquished Creatures (others)
  A dancing weapon (D:10)
1 creature vanquished.

Grand Total: 214 creatures vanquished

Notes
Turn   | Place    | Note
-------+----------+-------------------------------------------
     0 | D:1      | Jonnyslop the Spriggan Enchanter began the quest for the
                  | Orb.
     0 | D:1      | Reached XP level 1. HP: 9/9 MP: 5/5
    42 | D:1      | Reached XP level 2. HP: 13/13 MP: 7/7
   367 | D:1      | Reached XP level 3. HP: 14/16 MP: 8/8
   372 | D:1      | Learned a level 2 spell: Ensorcelled Hibernation
   376 | D:1      | Learned a level 3 spell: Confusing Touch
   380 | D:1      | Learned a level 3 spell: Tukima's Dance
   864 | D:1      | Identified a scroll of acquirement
   864 | D:1      | Acquired 1000 gold pieces
   877 | D:1      | Found a transporter.
   879 | D:1      | Found Zoywnus's Book Shoppe.
   882 | D:1      | Found a transporter.
   968 | D:1      | Bought a book of the Tundra for 416 gold pieces
  1084 | D:2      | Found a shimmering altar of Xom.
  1113 | D:2      | Noticed Robin
  1599 | D:2      | Reached XP level 4. HP: 18/21 MP: 2/10
  2025 | D:2      | Noticed Sigmund
  2031 | D:2      | Killed Sigmund
  2032 | D:2      | Reached skill level 1 in Ice Magic
  2032 | D:2      | Reached XP level 5. HP: 24/24 MP: 8/12
  2036 | D:2      | Learned a level 3 spell: Hailstorm
  2061 | D:2      | Killed Robin
  2505 | D:2      | Reached XP level 6. HP: 28/28 MP: 13/13
  3050 | D:3      | Reached skill level 5 in Hexes
  3170 | D:3      | Found a faded altar of an unknown god.
  4134 | D:4      | Identified the +0 robe of the Iron City of Dis {Harm
                  | Rampage rPois Int-3}
  4147 | D:4      | Found a white marble altar of Elyvilon.
  4198 | D:4      | Learned a level 2 spell: Blink
  4846 | D:5      | Entered Level 5 of the Dungeon
  5032 | D:5      | Reached skill level 5 in Short Blades
  5032 | D:5      | Reached skill level 1 in Conjurations
  5032 | D:5      | Reached XP level 7. HP: 10/32 MP: 7/14
  5041 | D:5      | Reached skill level 5 in Stealth
  5140 | D:5      | Found a basalt altar of Yredelemnul.
  5390 | D:5      | Found Muit's Book Boutique.
  5718 | D:6      | Reached skill level 5 in Spellcasting
  5839 | D:6      | Reached XP level 8. HP: 36/36 MP: 13/16
  5897 | D:6      | Found a stormy altar of Qazlal.
  5904 | D:6      | Noticed an air elemental
  6018 | D:6      | Reached skill level 6 in Stealth
  7349 | D:7      | Reached skill level 7 in Stealth
  7473 | D:7      | Found a staircase to the Ecumenical Temple.
  7484 | Temple   | Entered the Ecumenical Temple
  7602 | D:8      | Found an iron altar of Okawaru.
  7731 | D:8      | Reached XP level 9. HP: 39/39 MP: 16/19
  7860 | D:8      | Found a blossoming altar of Fedhas.
  7930 | D:8      | Found a shadowy altar of Dithmenos.
  7934 | D:8      | Reached skill level 8 in Stealth
  8434 | D:8      | Became a worshipper of Fedhas Madash
  8523 | D:9      | Noticed a death yak
  8526 | D:9      | Found a staircase to the Lair.
  8588 | D:9      | Noticed a death yak
  8610 | D:9      | Identified the +6 dagger of Awneanina {flame, rElec rN+
                  | Will++ Str-3}
  8924 | D:9      | Noticed a death yak
  9198 | D:9      | Noticed a death yak
  9236 | D:9      | Noticed a troll
  9243 | D:9      | Killed a troll
  9683 | D:9      | Noticed a death yak
  9913 | D:9      | Noticed a death yak
 10171 | D:10     | Entered Level 10 of the Dungeon
 10220 | D:10     | Noticed a kobold demonologist
 10224 | D:10     | Killed a kobold demonologist
 10275 | D:10     | Found a burning altar of Makhleb.
 10275 | D:10     | Noticed a balrug
 10283 | D:10     | Noticed a kobold demonologist
 10288 | D:10     | Killed a kobold demonologist
 10289 | D:10     | Reached skill level 9 in Stealth
 10289 | D:10     | Reached skill level 5 in Ice Magic
 10476 | D:10     | Reached XP level 10. HP: 44/44 MP: 18/22
 10696 | D:10     | Reached skill level 1 in Invocations
 10775 | D:10     | Reached * piety under Fedhas
 10954 | D:10     | Found a staircase to the Orcish Mines.
 10968 | D:10     | Noticed a two-headed ogre
 10984 | D:10     | Killed a two-headed ogre
 10985 | D:10     | Reached skill level 10 in Stealth
 11188 | D:10     | Noticed a two-headed ogre
 11201 | D:10     | Killed a two-headed ogre
 11483 | D:11     | Noticed a two-headed ogre
 11526 | D:11     | Killed a two-headed ogre
 11740 | D:11     | You fall into a shaft and drop 1 floor!
 11902 | D:11     | Noticed a white ugly thing
 11909 | D:11     | Killed a white ugly thing
 11910 | D:11     | Reached skill level 1 in Translocations
 11910 | D:11     | Reached XP level 11. HP: 48/48 MP: 24/24
 12030 | D:11     | Found a flickering gateway to a bazaar.
 12092 | Bazaar   | Entered a bazaar
 12098 | Bazaar   | Found Doigg's Magic Scroll Emporium.
 12098 | Bazaar   | Found Lynk's Jewellery Shoppe.
 12108 | Bazaar   | Bought a scroll of acquirement for 572 gold pieces
 12108 | Bazaar   | Bought a scroll of noise for 11 gold pieces
 12108 | Bazaar   | Bought a scroll of identify for 22 gold pieces
 12110 | Bazaar   | Bought a ring of magical power for 220 gold pieces
 12111 | Bazaar   | Acquired a +5 ring of evasion
 12533 | D:12     | Noticed a purple ugly thing
 12545 | D:12     | Killed a purple ugly thing
 12546 | D:12     | Reached skill level 1 in Fighting
 12986 | D:12     | Noticed a brown ugly thing
 12992 | D:12     | Killed a brown ugly thing
 12993 | D:12     | Reached skill level 11 in Stealth
 13030 | D:12     | Noticed a two-headed ogre
 13033 | D:12     | Killed a two-headed ogre
 13272 | D:12     | Noticed a purple ugly thing
 13281 | D:12     | Killed a purple ugly thing
 13281 | D:12     | Reached ** piety under Fedhas
 13425 | D:13     | Noticed Rupert
 13443 | D:13     | Noticed a deep elf pyromancer
 13479 | D:13     | Killed from afar by a deep elf pyromancer

Illustrated notes

Levels and vault maps discovered:
D:1:      wander_arrival_chamber, layout_basic, serial_shops,
          nicolae_shop_drivethru, grunt_decor_mini_mirrors, interstate_on_off
D:2:      minmay_general_purpose_star, layout_rooms, basic_altar, uniq_robin,
          uniq_sigmund
D:3:      layout_loops_ring, chequers_ecumenical_altar_island,
          minmay_misc_feat_plants, chequers_arboretum
D:4:      layout_basic, elyvilon_altar_3, minmay_cupped
D:5:      layout_cave_pools, nicolae_yredelemnul_corpse_copse, serial_shops,
          shop
D:6:      layout_loops_ring, nicolae_qazlal_style_of_elements
D:7:      layout_rooms, minmay_temple_entry_proselytizer
D:8:      layout_basic, mainiacjoe_overflow_cross_hatched, okawaru_humans,
          fedhas_altar_1, st_stairs_11
D:9:      layout_roguey, dpeg_lair_monsters, kennysheep_generic_room_7
D:10:     layout_roguey, makhleb_altar_promises_db
D:11:     layout_stronghold, serial_shops, bzr_entry_road
D:12:     layout_stronghold
D:13:     layout_loops_cross, uniq_rupert
Temple:   hellmonk_temple_of_storms

Skill      XL: |  1  2  3  4  5  6  7  8  9 10 11 |
---------------+----------------------------------+-----
Short Blades   | 2 3 4 5 6 7 8 9 |  9.2
Spellcasting   | 3 4 5 6 7 8 9 |  9.0
Hexes          | 4 5 6 8 9 |  9.5
Ice Magic      | 1 2 3 5 6 7 |  7.0
Conjurations   | 1 3 |  3.0
Stealth        | 5 7 9 10 11 | 11.1
Invocations    | 3 |  3.9
Translocations | 1 3 |  3.3
Fighting       | 2 |  2.0
Dodging        | |  2.6

Action                     |  1- 3 |  4- 6 |  7- 9 | 10-12 || total
---------------------------+-------+-------+-------+-------++-------
  Melee: Dagger            |   119 |   141 |   201 |    63 ||   524
         Punch             |     1 |       |     2 |       ||     3
  Throw: Dart              |       |       |     2 |       ||     2
   Cast: Ensorcelled Hiber |    35 |    72 |    78 |    51 ||   236
         Confusing Touch   |       |     4 |     9 |     6 ||    19
         Hailstorm         |       |       |     2 |     2 ||     4
         Blink             |       |       |     1 |       ||     1
         Tukima's Dance    |       |       |       |     8 ||     8
    Use: Scroll            |     1 |    13 |     4 |     7 ||    25
         Potion            |       |       |     2 |       ||     2
   Stab: Sleeping          |    26 |    52 |    50 |    31 ||   159
         Confused          |       |     1 |    11 |     4 ||    16
         Distracted        |       |       |     1 |       ||     1
 Armour: Robe              |    15 |    19 |    21 |     3 ||    58
  Dodge: Dodged            |    89 |   116 |   124 |    36 ||   365
  Block: Other             |       |    27 |    47 |    10 ||    84
         Reflection        |       |     1 |     1 |       ||     2
